Map: Neon Violet Square LE

Players

mild - Winner!

  • Race: Protoss Protoss
  • League: Diamond
  • Spawn Location: 5:00

Test

  • Race: Terran Terran
  • Spawn Location: 11:00

VOD

Have the link to the VOD?

Description

Time

  • Played on: May 13, 2018, 6:45 p.m.
  • Length: 17:34
Show
View Real Time Build Order
Export as new Build Order

mild Protoss - Winner!

Build Orders: 1 Gate Expand, Double Forge 

Get SALT Encoding   

  12  0:01  Probe  
  13  0:15  Pylon, Probe  
  14  0:23  Probe  
  15  0:38  Gateway  
  15  0:43  Assimilator  
  15  0:47  Probe  
  16  0:59  Probe  
  17  1:21  Nexus  
  17  1:28  Pylon  
  17  1:51  Cybernetics Core  
  17  2:05  Probe  
  18  2:13  Probe  
  18  2:21  Probe  
  19  2:22  Gateway  
  19  2:23  Gateway  
  19  2:29  Gateway  
  20  2:37  Assimilator, Stalker  
  20  2:44  Probe x2  
  24  3:02  Probe x2  
  26  3:11  Stalker  
  28  3:18  Stalker  
  30  3:22  Stalker  
  30  3:25  Probe x2  
  34  3:36  Pylon  
  34  3:37  Probe x2  
  36  3:52  Warp Gate  
  36  3:56  Probe x2  
  36  3:59  Stalker x2  
  42  4:24  Robotics Facility  
  42  4:28  Forge  
  42  4:30  Forge  
  42  4:34  Gateway  
  42  4:37  Gateway  
  42  4:40  Stalker  
  42  4:42  Stalker  
  42  4:44  Probe  
  47  4:49  Protoss Ground Weapons Level 1, Assimilator  
  47  5:14  Stalker  
  47  5:15  Stalker  
  51  5:24  Probe x2  
  51  5:26  Assimilator  
  53  5:36  Probe  
  53  5:42  Pylon  
  54  5:46  Pylon  
  54  5:47  Protoss Ground Armor Level 1  
  54  6:00  Stalker, Probe  
  57  6:10  Stalker x2  
  57  6:11  Stalker x2  
  55  6:27  Immortal  
  55  6:29  Probe x2  
  61  6:36  Pylon  
  61  6:39  Pylon  
  55  7:20  Probe x2  
  55  7:40  Probe x2  
  53  8:05  Stalker x3  
  49  8:06  Stalker x2, Protoss Shields Level 1  
  49  8:08  Immortal  
  61  8:17  Twilight Council  
  61  8:22  Robotics Facility  
  61  8:24  Pylon  
  61  8:30  Probe  
  61  8:31  Probe  
  61  8:33  Stalker  
  61  8:34  Stalker  
  67  8:36  Protoss Ground Weapons Level 2  
  67  8:46  Gateway  
  67  8:48  Gateway  
  67  8:51  Charge  
  67  8:54  Immortal  
  67  8:55  Pylon  
  71  8:59  Nexus  
  71  9:05  Stalker x4  
  73  9:39  Zealot x4  
  73  9:40  Zealot  
  73  9:41  Protoss Ground Armor Level 2  
  73  9:42  Gateway  
  73  9:44  Gateway  
  83  9:57  Immortal x2  
  91  10:15  Assimilator  
  91  10:27  Pylon  
  91  10:30  Observer x2, Shield Battery x2  
  91  10:32  Shield Battery  
  55  11:11  Stalker  
  55  11:12  Stalker x4  
  55  11:18  Protoss Ground Weapons Level 3  
  63  11:22  Probe x3  
  63  11:24  Immortal x2  
  66  11:28  Pylon  
  74  11:36  Robotics Bay  
  74  11:52  Zealot x2  
  78  11:56  Probe x2  
  78  11:57  Probe  
  78  12:00  Immortal x2  
  89  12:08  Probe  
  89  12:09  Zealot  
  89  12:10  Zealot x2  
  92  12:19  Stalker x2  
  90  12:32  Zealot x4  
  98  12:40  Probe x3  
  101  12:46  Extended Thermal Lance  
  101  12:52  Probe x3  
  101  12:57  Protoss Ground Armor Level 3  
  104  13:02  Colossus x2  
  104  13:04  Assimilator  
  116  13:24  Blink  
  116  13:27  Probe x3  
  119  13:44  Pylon  
  119  13:53  Zealot x2  
  119  13:54  Zealot x5  
  133  14:13  Protoss Shields Level 2  
  133  14:16  Immortal  
  133  14:17  Immortal  
  141  14:26  Nexus  
  141  14:28  Pylon  
  141  14:29  Pylon  
  141  14:54  Stalker  
  141  14:55  Stalker x6  
  147  15:41  Robotics Facility  
  147  15:42  Observer x2  
  149  15:47  Templar Archives  
  149  15:50  Zealot x3  
  149  15:51  Zealot x5  
  161  16:09  Probe x2  
  161  16:10  Probe x2  
  165  16:14  Assimilator  
  165  16:18  Assimilator  
  165  16:55  Stalker x3  
  171  17:09  Pylon  
  171  17:10  Nexus  
  171  17:12  Pylon  
  171  17:14  Pylon  
  171  17:16  Pylon  
Show
View Real Time Build Order
Export as new Build Order

Test Terran 

Build Orders: MMM Bio 

Get SALT Encoding   

  12  0:01  SCV  
  13  0:17  Supply Depot  
  13  0:18  SCV  
  14  0:30  SCV  
  14  0:31  Refinery  
  15  0:43  Barracks  
  15  0:47  SCV  
  16  0:59  SCV  
  17  1:07  Barracks  
  17  1:11  SCV  
  18  1:40  SCV  
  18  1:41  Marine  
  20  1:55  Barracks Reactor  
  20  2:11  Barracks Tech Lab  
  20  2:23  Command Center  
  20  2:29  Orbital Command  
  20  2:34  Refinery  
  20  2:49  Marine x2  
  20  2:50  Marine  
  23  2:56  Supply Depot  
  23  2:59  Stimpack  
  23  3:03  Engineering Bay  
  23  3:06  Marine  
  23  3:07  Marine x2  
  26  3:17  Engineering Bay  
  26  3:26  Marine x3  
  29  3:29  SCV  
  30  3:37  Terran Infantry Weapons Level 1  
  30  3:44  Marine x2  
  32  3:52  Terran Infantry Armor Level 1  
  32  3:53  SCV  
  33  3:57  Marine  
  34  4:09  SCV  
  35  4:15  Orbital Command  
  35  4:21  SCV, Marine  
  35  4:22  Marine  
  38  4:28  Missile Turret  
  38  4:33  SCV  
  38  4:38  Missile Turret  
  39  4:41  SCV  
  40  4:49  Marine x2  
  40  4:50  Marine  
  43  5:07  SCV x2, Marine x2  
  43  5:08  Marine  
  47  5:20  Factory  
  47  5:25  Marine x2, Factory  
  49  5:29  Marine  
  49  5:33  SCV  
  51  5:42  Marine  
  51  5:43  Marine  
  51  5:45  SCV  
  54  5:53  Supply Depot  
  54  6:00  Supply Depot  
  54  6:04  Marine x2  
  54  6:05  Marine  
  41  6:21  Factory Reactor  
  41  6:22  Marine x2  
  41  6:23  Marine, Factory Reactor  
  41  6:40  Marine x2  
  41  6:41  Marine  
  40  6:58  Marine x2  
  40  6:59  Marine  
  34  7:12  Widow Mine  
  35  7:15  Marine  
  35  7:16  Marine  
  35  7:17  Marine  
  31  7:30  Cyclone x3  
  31  7:33  Marine x2, Cyclone  
  31  7:34  Marine  
  45  7:48  Combat Shields  
  44  7:51  Marine x2  
  44  7:52  Marine  
  44  8:06  Cyclone  
  44  8:09  Marine x2  
  44  8:10  Marine  
  50  8:17  Starport  
  50  8:27  Marine x2  
  50  8:28  Marine  
  53  8:43  Armory  
  53  8:44  Marine  
  53  8:45  Marine  
  53  8:47  Supply Depot  
  55  8:52  Marine  
  56  8:56  Supply Depot  
  56  9:04  Missile Turret  
  56  9:11  Medivac  
  58  9:29  SCV  
  59  9:37  Marine x3  
  59  9:38  Cyclone  
  63  9:41  Medivac  
  65  9:52  Cyclone  
  68  9:55  Marine  
  68  9:58  SCV  
  70  10:09  Marine x2  
  70  10:10  Concussive Shells  
  70  10:13  Marine, Cyclone  
  76  10:28  Supply Depot  
  55  11:14  Marine x2  
  55  11:15  Marine  
  58  11:19  Cyclone  
  58  11:22  Cyclone x2  
  67  11:32  Marine x3  
  68  11:33  Medivac  
  72  11:50  Marine x3  
  75  12:03  Medivac  
  75  12:08  Marine x3  
  67  12:26  Marine x2  
  67  12:43  Marine x2  
  69  12:44  Command Center  
  69  12:50  Refinery  
  69  12:56  Terran Infantry Weapons Level 2  
  69  13:01  Marine x2  
  69  13:03  Marine  
  72  13:30  SCV  
  73  13:42  SCV  
  73  13:44  Marine x4  
  78  13:59  SCV x2  
  80  14:17  Marine, Sensor Tower  
  80  14:18  Marine  
  82  14:24  Terran Vehicle Weapons Level 1  
  82  14:39  Siege Tank  
  85  14:53  Orbital Command  
  74  15:42  Siege Tank  
  74  15:44  Medivac  
  72  16:15  Siege Tank  
  75  16:37  Missile Turret  
  75  16:41  Marine x4  
  79  16:59  Marine x4  
Tags
 
Add a new tag
Caveats
  • Supply blocks, unpowered buildings, or Contaminate may cause inaccurate times.
  • Supply counts are checked every 10 seconds.